MWL (24 & UNDER)
ERIE JAXX @ BEMIDJI BENDERS
05/23/2023
 
TOP OF THE 1ST
Erie Jaxx batting - Pitching for Bemidji Benders : RHP Alfredo Montero
Pitching: RHP Alfredo Montero
Batting: RHB José Estrada 0-0: Ball
1-0: Called Strike
1-1: Foul Ball, location: 2F
1-2: Ball
2-2: Strikes out looking
Batting: LHB Don Hull 0-0: Ball
1-0: Ball
2-0: Called Strike
2-1: Ball
3-1: Foul Ball, location: 2F
3-2: Strikes out swinging
Batting: SHB Keith Shaffer 0-0: Ball
1-0: Called Strike
1-1: Ball
2-1: Ball
3-1: Called Strike
3-2: Strikes out swinging
Top of the 1st over - 0 run(s), 0 hit(s), 0 error(s), 0 left on base; Erie 0 - Bemidji 0
BOTTOM OF THE 1ST
Bemidji Benders batting - Pitching for Erie Jaxx : RHP Luis De Los Ángeles
Pitching: RHP Luis De Los Ángeles
Batting: RHB António López 0-0: Ground out 4-3 (Groundball, 34)
Batting: RHB Esteban Salas 0-0: Ball
1-0: Ground out 5-3 (Groundball, 56)
Batting: LHB Willie Wallace 0-0: Ground out U3 (Groundball, 3L)
Bottom of the 1st over - 0 run(s), 0 hit(s), 0 error(s), 0 left on base; Erie 0 - Bemidji 0
TOP OF THE 2ND
Erie Jaxx batting - Pitching for Bemidji Benders : RHP Alfredo Montero
Batting: SHB Pedro Martínez 0-0: Ball
1-0: Ball
2-0: Ground out 4-3 (Groundball, 4M)
Batting: RHB Tim Hanson 0-0: Ball
1-0: Swinging Strike
1-1: Fly out, F5 (Line Drive, 56)
Batting: SHB Héctor Barajas 0-0: Foul Ball, location: 2F
0-1: Ball
1-1: Called Strike
1-2: Ball
2-2: Strikes out swinging
Top of the 2nd over - 0 run(s), 0 hit(s), 0 error(s), 0 left on base; Erie 0 - Bemidji 0
BOTTOM OF THE 2ND
Bemidji Benders batting - Pitching for Erie Jaxx : RHP Luis De Los Ángeles
Batting: SHB Rob Grun 0-0: Foul Ball, location: 2F
0-1: Called Strike
0-2: SINGLE (Groundball, 4MD)
Batting: RHB Alfredo López 0-0: Ball
1-0: Called Strike
1-1: Called Strike
1-2: Foul Ball, location: 2F
1-2: Ball
2-2: Fly out, F7 (Flyball, 7D)
Batting: SHB Edgardo Osorio 0-0: SINGLE (Groundball, 56D)
Rob Grun to second
Batting: RHB Juan Costello 0-0: Called Strike
0-1: Foul Ball, location: 2F
0-2: Ball
1-2: Foul Ball, location: 2F
1-2: Foul Ball, location: 2F
1-2: Foul Ball, location: 2F
1-2: Strikes out swinging
Batting: RHB Claudio Souza 0-0: Foul Ball, location: 2F
0-1: Called Strike
0-2: Ball
1-2: Foul Ball, location: 2F
1-2: Ball
2-2: Strikes out swinging
Bottom of the 2nd over - 0 run(s), 2 hit(s), 0 error(s), 2 left on base; Erie 0 - Bemidji 0
TOP OF THE 3RD
Erie Jaxx batting - Pitching for Bemidji Benders : RHP Alfredo Montero
Batting: RHB Luis Alou 0-0: Called Strike
0-1: Ball
1-1: Foul Ball, location: 2F
1-2: Fly out, F9 (Popup, 4D)
Batting: RHB Bo Vickers 0-0: Foul Ball, location: 2F
0-1: Ball
1-1: Ground out 5-3 (Groundball, 5)
Batting: RHB Raúl Ruíz 0-0: Called Strike
0-1: Ball
1-1: Ball
2-1: Fly out, F9 (Flyball, 9LM)
Top of the 3rd over - 0 run(s), 0 hit(s), 0 error(s), 0 left on base; Erie 0 - Bemidji 0
BOTTOM OF THE 3RD
Bemidji Benders batting - Pitching for Erie Jaxx : RHP Luis De Los Ángeles
Batting: RHB Roberto Solís 0-0: Ball
1-0: Foul Ball, location: 2F
1-1: Foul Ball, location: 2F
1-2: Strikes out swinging
Batting: RHB António López 0-0: Ground out 4-3 (Groundball, 34)
Batting: RHB Esteban Salas 0-0: Ball
1-0: Ball
2-0: Swinging Strike
2-1: Swinging Strike
2-2: Foul Ball, location: 2F
2-2: Ball
3-2: Base on Balls
Batting: LHB Willie Wallace 0-0: Called Strike
0-1: DOUBLE (Line Drive, 7LS)
Esteban Salas to third
Batting: SHB Rob Grun 0-0: Called Strike
0-1: Ball
1-1: Foul Ball, location: 2F
1-2: Foul Ball, location: 2F
1-2: Fly out, F4 (Line Drive, 4)
Bottom of the 3rd over - 0 run(s), 1 hit(s), 0 error(s), 2 left on base; Erie 0 - Bemidji 0
TOP OF THE 4TH
Erie Jaxx batting - Pitching for Bemidji Benders : RHP Alfredo Montero
Batting: RHB José Estrada 0-0: Bunt for hit - play at first, batter OUT! 5-3
Batting: LHB Don Hull 0-0: Ball
1-0: Ball
2-0: Called Strike
2-1: Swinging Strike
2-2: Hit by Pitch
Batting: SHB Keith Shaffer 0-0: Ball
1-0: Called Strike
1-1: Called Strike
1-2: Fly out, F9 (Line Drive, 89M)
Batting: SHB Pedro Martínez 0-0: Ball
1-0: Called Strike
1-1: Ball
2-1: Ball
3-1: Base on Balls
Don Hull to second
Batting: RHB Tim Hanson 0-0: Fielders Choice at 2nd, 5-4 (Groundball, 5)
Top of the 4th over - 0 run(s), 0 hit(s), 0 error(s), 1 left on base; Erie 0 - Bemidji 0
BOTTOM OF THE 4TH
Bemidji Benders batting - Pitching for Erie Jaxx : RHP Luis De Los Ángeles
Batting: RHB Alfredo López 0-0: Ground out 4-3 (Groundball, 4)
Batting: SHB Edgardo Osorio 0-0: Ball
1-0: Called Strike
1-1: SINGLE (Line Drive, 89M)
Batting: RHB Juan Costello 0-0: Called Strike
0-1: Ball
1-1: Ball
2-1: Foul Ball, location: 2F
2-2: SINGLE (Groundball, 5D)
Edgardo Osorio to second
Batting: RHB Claudio Souza 0-0: Ball
Edgardo Osorio steals 3rd base
Juan Costello to second
1-0: Ground out 6-3 (Groundball, 6M)
Edgardo Osorio scores
Juan Costello to third
Batting: RHB Roberto Solís 0-0: Foul Ball, location: 2F
0-1: Ground out 3-1 (Groundball, 34)
Bottom of the 4th over - 1 run(s), 2 hit(s), 0 error(s), 1 left on base; Erie 0 - Bemidji 1
TOP OF THE 5TH
Erie Jaxx batting - Pitching for Bemidji Benders : RHP Alfredo Montero
Batting: SHB Héctor Barajas 0-0: Ball
1-0: Ball
2-0: Foul Ball, location: 2F
2-1: Fly out, F2 (Popup, 2RF)
Batting: RHB Luis Alou 0-0: Swinging Strike
0-1: Ball
1-1: Called Strike
1-2: Strikes out swinging
Batting: RHB Bo Vickers 0-0: Ball
1-0: Ball
2-0: Ball
3-0: Called Strike
3-1: Base on Balls
Batting: RHB Raúl Ruíz 0-0: Ball
1-0: Called Strike
1-1: Foul Ball, location: 2F
1-2: Fly out, F4 (Popup, 9S)
Top of the 5th over - 0 run(s), 0 hit(s), 0 error(s), 1 left on base; Erie 0 - Bemidji 1
BOTTOM OF THE 5TH
Bemidji Benders batting - Pitching for Erie Jaxx : RHP Luis De Los Ángeles
Batting: RHB António López 0-0: Ball
1-0: Foul Ball, location: 2F
1-1: Bunt for hit - play at first, batter safe!
Batting: RHB Esteban Salas 0-0: Ball
António López is caught stealing 2nd base
1-0: Ball
2-0: Foul Ball, location: 2F
2-1: Foul Ball, location: 2F
2-2: Foul Ball, location: 2F
2-2: Foul Ball, location: 2F
2-2: Fly out, F3 (Popup, 13S)
Batting: LHB Willie Wallace 0-0: Ball
1-0: Ground out 4-3 (Groundball, 34)
Bottom of the 5th over - 0 run(s), 1 hit(s), 0 error(s), 0 left on base; Erie 0 - Bemidji 1
TOP OF THE 6TH
Erie Jaxx batting - Pitching for Bemidji Benders : RHP Alfredo Montero
Batting: RHB José Estrada 0-0: Ball
1-0: Ball
2-0: SINGLE (Line Drive, 4MD)
Batting: LHB Don Hull 0-0: Ball
1-0: Called Strike
José Estrada steals 2nd base
1-1: Foul Ball, location: 2F
1-2: Strikes out swinging
Batting: SHB Keith Shaffer 0-0: Called Strike
0-1: Ball
1-1: Ball
2-1: Swinging Strike
2-2: Strikes out swinging
Pitching: LHP David Taylor
Batting: SHB Pedro Martínez 0-0: Ball
1-0: Ball
2-0: Ball
3-0: Called Strike
3-1: Foul Ball, location: 2F
3-2: Foul Ball, location: 2F
3-2: Base on Balls
Batting: RHB Tim Hanson 0-0: Ball
1-0: Foul Ball, location: 2F
1-1: Swinging Strike
1-2: Fielders Choice at 2nd, 5-4 (Groundball, 5)
Top of the 6th over - 0 run(s), 1 hit(s), 0 error(s), 1 left on base; Erie 0 - Bemidji 1
BOTTOM OF THE 6TH
Bemidji Benders batting - Pitching for Erie Jaxx : RHP Luis De Los Ángeles
Batting: SHB Rob Grun 0-0: Ground out 4-3 (Groundball, 4M)
Batting: RHB Alfredo López 0-0: Ball
1-0: Called Strike
1-1: Ground out 4-3 (Groundball, 4)
Batting: SHB Edgardo Osorio 0-0: Ground out 3-1 (Groundball, 3)
Bottom of the 6th over - 0 run(s), 0 hit(s), 0 error(s), 0 left on base; Erie 0 - Bemidji 1
TOP OF THE 7TH
Erie Jaxx batting - Pitching for Bemidji Benders : LHP David Taylor
Batting: SHB Héctor Barajas 0-0: Foul Ball, location: 2F
0-1: Foul Ball, location: 2F
0-2: Ball
1-2: Strikes out swinging
Batting: RHB Luis Alou 0-0: Called Strike
0-1: Foul Ball, location: 2F
0-2: Ball
1-2: Ball
2-2: Strikes out swinging
Batting: RHB Bo Vickers 0-0: Ball
1-0: Ball
2-0: Called Strike
2-1: SINGLE (Groundball, 6D)
Batting: RHB Raúl Ruíz 0-0: Foul Ball, location: 2F
0-1: Foul Ball, location: 2F
0-2: Strikes out swinging
Top of the 7th over - 0 run(s), 1 hit(s), 0 error(s), 1 left on base; Erie 0 - Bemidji 1
BOTTOM OF THE 7TH
Bemidji Benders batting - Pitching for Erie Jaxx : RHP Luis De Los Ángeles
Batting: RHB Juan Costello 0-0: Ball
1-0: Ball
2-0: Ball
3-0: Called Strike
3-1: DOUBLE (Flyball, 89M)
Batting: RHB Claudio Souza 0-0: Intentional Walk
Pitching: LHP Dexter Browning
Batting: RHB Roberto Solís 0-0: Called Strike
0-1: Ball
1-1: Ball
2-1: SINGLE (Groundball, 3D)
Juan Costello to third
Claudio Souza to second
Batting: RHB António López 0-0: DOUBLE (Groundball, 3L)
Juan Costello scores
Claudio Souza scores
Roberto Solís to third
Batting: RHB Esteban Salas 0-0: Swinging Strike
0-1: Called Strike
0-2: Ball
1-2: Strikes out swinging
Batting: LHB Willie Wallace 0-0: Ball
1-0: Called Strike
1-1: Fly out, F7 (Flyball, 78D)
Runner from 3rd tags up, SCORES, no throw
Batting: SHB Rob Grun 0-0: Fly out, F6 (Popup, 6)
Bottom of the 7th over - 3 run(s), 3 hit(s), 0 error(s), 1 left on base; Erie 0 - Bemidji 4
TOP OF THE 8TH
Erie Jaxx batting - Pitching for Bemidji Benders : LHP David Taylor
Batting: RHB José Estrada 0-0: Called Strike
0-1: SINGLE (Flyball, 8RS)
Batting: LHB Don Hull 0-0: Ball
1-0: Ball
2-0: Grounds out, U3 (Groundball, 3L)
Batting: SHB Keith Shaffer 0-0: Fly out, F8 (Popup, 6MD)
Batting: SHB Pedro Martínez 0-0: Called Strike
0-1: Foul Ball, location: 2F
0-2: Ball
1-2: Ball
2-2: Foul Ball, location: 2F
2-2: Ball
3-2: Ground out 5-3 (Groundball, 5)
Top of the 8th over - 0 run(s), 1 hit(s), 0 error(s), 1 left on base; Erie 0 - Bemidji 4
BOTTOM OF THE 8TH
Bemidji Benders batting - Pitching for Erie Jaxx : LHP Dexter Browning
Batting: RHB Alfredo López 0-0: Foul Ball, location: 2F
0-1: Ground out 1-3 (Groundball, 13S)
Batting: SHB Edgardo Osorio 0-0: Ball
1-0: Fly out, F7 (Line Drive, 7M)
Batting: RHB Juan Costello 0-0: Ball
1-0: Swinging Strike
1-1: Ball
2-1: Fly out, F4 (Popup, 4D)
Bottom of the 8th over - 0 run(s), 0 hit(s), 0 error(s), 0 left on base; Erie 0 - Bemidji 4
TOP OF THE 9TH
Erie Jaxx batting - Pitching for Bemidji Benders : LHP David Taylor
Pitching: RHP Ramón Sánchez
Batting: RHB Tim Hanson 0-0: Ball
1-0: Ground out 6-3 (Groundball, 56)
Batting: SHB Héctor Barajas 0-0: Called Strike
0-1: Ball
1-1: Called Strike
1-2: Strikes out swinging
Batting: RHB Luis Alou 0-0: Called Strike
0-1: Ball
1-1: Foul Ball, location: 2F
1-2: Ball
2-2: Strikes out looking
Top of the 9th over - 0 run(s), 0 hit(s), 0 error(s), 0 left on base; Erie 0 - Bemidji 4
This league is powered by Out of the Park Baseball, the baseball management simulation game for PC, Mac and Linux
Wednesday, December 2nd, 2015 - OOTP Baseball 16.8 Build 38